 Dungeon Crawl Stone Soup version 0.18.1-6-gd335043 (webtiles) character file.

1905 rutigerpupkin the Firebug (level 9, -5/52 HPs)
             Began as a Gargoyle Fire Elementalist on May 19, 2016.
             Was an Initiate of Vehumet.
             Slain by a hill giant
             ... wielding a +0 giant club
              (26 damage)
             ... on level 7 of the Dungeon.
             The game lasted 00:15:46 (4733 turns).

rutigerpupkin the Firebug (GrFE)                    Turns: 4733, Time: 00:15:48

Health: -5/52      AC: 10    Str: 12    XL:     9   Next: 16%
Magic:  10/16      EV: 12    Int: 19    God:    Vehumet [......]
Gold:   296        SH:  0    Dex: 10    Spells: 4 memorised, 4 levels left

rFire  . . .     SeeInvis .     j - +0 spear (venom)
rCold  + . .     Gourm    .     a - +0 robe
rNeg   + . .     Faith    .     (no shield)
rPois  ∞         Spirit   .     N - +0 helmet
rElec  +         Dismiss  .     P - +0 cloak
rCorr  .         Reflect  .     h - +0 pair of gloves
SustAt .         Harm     .     (no boots)
MR     .....                    J - amulet of magic regeneration
Stlth  ++........               (no ring)
                                L - ring of protection from cold

@: marked, very slightly contaminated, not resistant to hostile enchantments,
unstealthy
A: negative energy resistance 1, electricity resistance, unbreathing,
petrification resistance, rot immunity, AC +5
a: Renounce Religion


You were on level 7 of the Dungeon.
You worshipped Vehumet.
Vehumet was noncommittal.
You were not hungry.

You visited 2 branches of the dungeon, and saw 8 of its levels.
You also visited: Sewer.

You collected 296 gold pieces.

Inventory:

Hand Weapons
 j - a +0 spear of venom (weapon)
Missiles
 y - 4 tomahawks (quivered)
 D - 15 poisoned needles
 O - 5 silver javelins
Armour
 a - a +0 robe (worn)
 h - a +0 pair of gloves (worn)
 H - a +0 buckler
 N - a +0 helmet (worn)
 P - a +0 cloak (worn)
Magical Staves
 r - an uncursed staff of cold
Jewellery
 J - an amulet of magic regeneration (around neck)
 L - a ring of protection from cold (left hand)
Wands
 l - a wand of confusion (22/48)
 E - a wand of slowing (28/48)
 Q - a wand of lightning (6/15)
 R - a wand of polymorph (2/24)
Scrolls
 d - a scroll of magic mapping {unknown}
 s - a scroll of enchant armour {unknown}
 t - a scroll of noise {unknown}
 u - 3 scrolls of identify {unknown}
 v - 2 scrolls of enchant weapon {unknown}
 B - a scroll of amnesia {unknown}
 C - a scroll of immolation {unknown}
 F - 2 scrolls of remove curse {unknown}
 M - a scroll of random uselessness {unknown}
Potions
 e - a potion of invisibility {unknown}
 f - a potion of resistance {unknown}
 g - 3 potions of agility {unknown}
 k - 3 potions of berserk rage {unknown}
 m - 3 potions of haste {unknown}
 p - 3 potions of flight {unknown}
 q - 3 potions of curing {unknown}
 w - 3 potions of lignification {unknown}
 x - 2 potions of heal wounds {unknown}
 A - a potion of cure mutation {unknown}
 G - a potion of beneficial mutation {unknown}
 K - a potion of degeneration {unknown}
Books
 b - a book of Flames

   Spells                             Type                      Level
   a - Flame Tongue                   Conjuration/Fire             1
   b - Throw Flame                    Conjuration/Fire             2
   c - Conjure Flame                  Conjuration/Fire             3
   d - Inner Flame                    Hexes/Fire                   3
   e - Sticky Flame                   Conjuration/Fire             4
   f - Fireball                       Conjuration/Fire             5
 n - a book of Beasts

   Spells                             Type                      Level
   a - Summon Butterflies             Summoning                    1
   b - Call Canine Familiar           Summoning                    3
   c - Summon Ice Beast               Ice/Summoning                4
   d - Summon Mana Viper              Hexes/Summoning              5
   e - Summon Hydra                   Summoning                    7
Comestibles
 c - 3 bread rations
 i - 2 slices of pizza
 o - 2 meat rations
 z - a royal jelly
 I - 8 fruits
 S - 2 chunks of flesh


   Skills:
 + Level 4.6 Fighting
 + Level 2.6 Staves
 - Level 1.5 Dodging
 - Level 2.1 Stealth
 + Level 2.9 Shields
 + Level 4.7 Spellcasting
 + Level 5.1 Conjurations
 * Level 7.2 Fire Magic
 + Level 2.5 Evocations


You had 4 spell levels left.
You knew the following spells:

 Your Spells              Type           Power        Failure   Level  Hunger
a - Flame Tongue          Conj/Fire      ####.        1%          1    None
b - Conjure Flame         Conj/Fire      ####....     3%          3    ###....
f - Fireball              Conj/Fire      ####......   34%         5    ######.
g - Sticky Flame          Conj/Fire      ####....     12%         4    ####...


Dungeon Overview and Level Annotations

Branches:
Dungeon (7/15)             Temple (1/1) D:7

Altars:
Ashenzari
Cheibriados
Dithmenos
Elyvilon
Fedhas
Gozag
Kikubaaqudgha
Makhleb
Nemelex Xobeh
Okawaru
Pakellas
Qazlal
Ru
Sif Muna
Trog
Vehumet
Xom
Yredelemnul
Zin
The Shining One

Annotations:
D:5 VanVeen's ghost, novice HaNe


Innate Abilities, Weirdness & Mutations

You are resistant to torment.
Your stone body is resilient (AC +5).
You are immune to poison.
You resist negative energy.
You are resistant to electric shocks.
You can survive without breathing.
You are immune to petrification.
You are immune to rotting.


Message History

Confirm with . or Enter, or press ? or * to list all spells.
Aiming: Conjure Flame
Press: ? - help, Dir - move target cursor The fire roars!
You hit the hill giant.
The hill giant is poisoned.
The hill giant is lightly wounded.
The hill giant is engulfed in roaring flames.
The hill giant hits you with a giant club!!
Casting: Conjure Flame
Confirm with . or Enter, or press ? or * to list all spells.
Aiming: Sticky Flame
Press: ? - help, Shift-Dir - straight line, f - hill giant
Aim: a hill giant, wielding a giant club (flame, moderately wounded, poisoned)
You miscast Sticky Flame.
You are very lightly contaminated with residual magic.
Nothing appears to happen.
The hill giant is engulfed in roaring flames.
The hill giant hits you with a giant club!!
Ouch! That really hurt!
You die...

####### ................#.
# #######..##..##..######.
# #........##..###.#....).
# # #.......# #..#
#.#.####. #.##.......#
#).###.#.# #.
#.(........###..##....####.
#.....^.................
#............##...#####.
######
#......@####............
.....#######...#C#
#####.######. .........#
##.##o# #.# ####.###.#
#.##.########.# #.# #.#
#.##..........# #.# #.#
#.##.########## ###.###.##
#.##.# ##...##...###.##.#
........#.....##.#


You could see a hill giant and an orc.

Vanquished Creatures
  The ghost of deifeln the Grappler, a novice TrMo of Okawaru (D:7)
  2 orc warriors (D:6)
  A phantom (D:6)
  2 centaurs
  A big kobold (Sewer)
  The ghost of ck1fx the Sneak, an amateur SpAs (Sewer)
  4 giant frogs (D:6)
  A scorpion (D:6)
  A howler monkey (D:4)
  A crimson imp (D:7)
  A hound (D:6)
  A centaur skeleton (D:6)
  3 orc wizards
  An iguana (D:4)
  2 worker ants
  2 hound skeletons (D:4)
  3 gnolls (D:6)
  12 adders
  A river rat (D:4)
  An ooze (D:2)
  An adder skeleton (D:7)
  2 worms (D:2)
  2 dart slugs
  10 orcs
  5 giant cockroaches
  5 goblins
  8 hobgoblins
  6 jackals
  2 quokkas (D:3)
  2 ball pythons (D:4)
  10 bats
  7 giant newts
  2 jackal zombies (D:6)
  9 kobolds
  8 rats
121 creatures vanquished.

Notes
Turn   | Place    | Note
--------------------------------------------------------------
     0 | D:1      | rutigerpupkin the Gargoyle Fire Elementalist began the quest for the Orb.
     0 | D:1      | Reached XP level 1. HP: 10/10 MP: 3/3
   276 | D:1      | Reached XP level 2. HP: 10/15 MP: 0/5
   796 | D:2      | Reached XP level 3. HP: 19/19 MP: 6/6
   825 | D:2      | Learned a level 3 spell: Conjure Flame
  1155 | D:2      | Found a shimmering altar of Xom.
  1157 | D:2      | Found a shimmering altar of Xom.
  1158 | D:2      | Found a shimmering altar of Xom.
  1163 | D:2      | Found a shimmering altar of Xom.
  1164 | D:2      | Found a shimmering altar of Xom.
  1209 | D:2      | Reached XP level 4. HP: 24/24 MP: 3/7
  1620 | D:3      | Reached skill level 4 in Fire Magic
  1693 | D:3      | Reached skill level 1 in Fighting
  1992 | D:4      | Reached XP level 5. HP: 20/29 MP: 7/9
  2173 | D:4      | Reached XP level 6. HP: 27/35 MP: 8/10
  2179 | D:4      | Learned a level 4 spell: Sticky Flame
  2228 | D:4      | Found a sacrificial altar of Ru.
  2311 | D:4      | Found a shadowy altar of Dithmenos.
  2376 | D:4      | Found a glowing drain.
  2387 | Sewer    | Entered a sewer
  2522 | Sewer    | Noticed ck1fx's ghost (amateur SpAs)
  2554 | Sewer    | Killed ck1fx's ghost
  2554 | Sewer    | Reached skill level 5 in Fire Magic
  2761 | Sewer    | Found a white marble altar of Elyvilon.
  2884 | D:4      | Reached XP level 7. HP: 34/40 MP: 10/12
  2963 | D:4      | Found a white marble altar of Elyvilon.
  3007 | D:5      | Entered Level 5 of the Dungeon
  3081 | D:5      | Found a bloodstained altar of Trog.
  3105 | D:5      | Noticed VanVeen's ghost (novice HaNe)
  3767 | D:6      | Reached skill level 1 in Staves
  3767 | D:6      | Reached skill level 1 in Shields
  3767 | D:6      | Reached skill level 6 in Fire Magic
  3767 | D:6      | Reached skill level 1 in Evocations
  3767 | D:6      | Reached XP level 8. HP: 40/46 MP: 5/14
  4323 | D:7      | Found a staircase to the Ecumenical Temple.
  4330 | Temple   | Entered the Ecumenical Temple
  4418 | Temple   | Became a worshipper of Vehumet
  4646 | D:7      | Noticed deifeln's ghost (novice TrMo)
  4655 | D:7      | Killed deifeln's ghost
  4655 | D:7      | Reached skill level 5 in Conjurations
  4655 | D:7      | Reached skill level 7 in Fire Magic
  4655 | D:7      | Reached XP level 9. HP: 30/52 MP: 9/16
  4662 | D:7      | Learned a level 5 spell: Fireball
  4729 | D:7      | Noticed a hill giant
  4733 | D:7      | Slain by a hill giant

Skill      XL: |  1  2  3  4  5  6  7  8 |
---------------+-------------------------+-----
Conjurations   | 2 3 4 5 |  5.1
Fire Magic     | 4 5 6 7 |  7.2
Fighting       | 1 2 3 4 |  4.6
Spellcasting   | 3 4 |  4.7
Staves         | 1 2 |  2.6
Shields        | 1 2 |  2.9
Evocations     | 1 2 |  2.5
Dodging        | |  1.5
Stealth        | |  2.1

Action                   |  1- 3 |  4- 6 |  7- 9 || total
-------------------------+-------+-------+-------++-------
Melee: Dagger            |    48 |       |       ||    48
       Unarmed           |     5 |       |       ||     5
       Spear             |    48 |   185 |   116 ||   349
 Cast: Flame Tongue      |    24 |    17 |    48 ||    89
       Conjure Flame     |     1 |     1 |    13 ||    15
       Sticky Flame      |       |       |     9 ||     9
 Stab: Sleeping          |     3 |     5 |       ||     8
       Distracted        |     1 |     1 |       ||     2
  Eat: Chunk             |     1 |     5 |     9 ||    15
       Beef jerky        |       |       |     1 ||     1
Armor: Robe              |    37 |    83 |    37 ||   157
Dodge: Dodged            |    85 |   107 |    52 ||   244
